 Dungeon Crawl Stone Soup version 0.26.1-2-gb8aa6d0cf2 (webtiles) character file.

Game seed: 12310906000815797225

179 H0rd4k the Charlatan (level 5, 0/38 HPs)
             Began as a Human Artificer on Mar 3, 2021.
             Succumbed to an adder's poison
             ... on level 3 of the Dungeon.
             The game lasted 00:04:21 (4021 turns).

H0rd4k the Charlatan (Human Artificer)              Turns: 4021, Time: 00:04:21

Health: 0/38       AC:  3    Str: 13    XL:     5   Next: 90%
Magic:  5/5        EV: 12    Int: 12    God:
Gold:   139        SH:  0    Dex: 13    Spells: 4/4 levels left

rFire    . . .     SeeInvis .   n - +0 falchion
rCold    . . .     Faith    .   (no shield)
rNeg     . . .     Spirit   .   b - +0 leather armour
rPois    .         Reflect  .   (no helmet)
rElec    .         Harm     .   (no cloak)
rCorr    .         Rampage  .   (no gloves)
Will     .....                  (no boots)
Stlth    ++........             (no amulet)
HPRegen  0.12/turn              (no ring)
MPRegen  0.09/turn              (no ring)

@: brilliant, lethally poisoned (0 -> -8)
A: no striking features
a: no special abilities


You were on level 3 of the Dungeon.
You visited 1 branch of the dungeon, and saw 3 of its levels.

You collected 139 gold pieces.

Inventory:

Hand Weapons
 h - a +0 dagger
 n - a +0 falchion (weapon)
Missiles
 i - 7 curare-tipped darts
Armour
 b - a +0 leather armour (worn)
Wands
 d - a wand of enslavement (11)
 e - a wand of random effects (12)
Scrolls
 a - a scroll of amnesia {unknown}
 g - a scroll of noise {unknown}
 j - 3 scrolls of identify {unknown}
 m - a scroll of remove curse {unknown}
 o - a scroll of fear {unknown}
Potions
 f - 3 potions of heal wounds {unknown}
 l - 2 potions of curing {unknown}


   Skills:
 + Level 2.3 Fighting
 + Level 1.8(1.9) Short Blades
 + Level 0.6(1.3) Long Blades
 + Level 2.8 Armour
 + Level 2.3 Dodging
 + Level 1.6 Stealth
 + Level 3.7 Evocations


You had 4 spell levels left.
You didn't know any spells.
Your spell library was empty.

Dungeon Overview and Level Annotations

Branches:
Dungeon (3/15)

Altars:
Qazlal
Xom
Zin
The Shining One

Annotations:
D:2 Jessica, Robin


Message History

You closely miss the quokka.
* * * LOW HITPOINT WARNING * * *
You feel sick. The quokka bites you.
* * * LOW HITPOINT WARNING * * *
The quokka bites you but does no damage.
You hit the quokka but do no damage.
* * * LOW HITPOINT WARNING * * *
You feel sick. The quokka closely misses you.
You hit the quokka.
The quokka is lightly wounded.
* * * LOW HITPOINT WARNING * * *
You feel sick. The quokka barely misses you. The quokka bites you.
* * * LOW HITPOINT WARNING * * *
You hit the quokka but do no damage.
The quokka is lightly wounded.
* * * LOW HITPOINT WARNING * * *
You feel sick. The quokka closely misses you.
It was a potion of brilliance.
You feel clever all of a sudden.
You die...

...###.....r.........
......##.#r##r.......
._......_l.##........
.......#S####........
..####l.# ###.#####
..# ##.## ..
..###...# ... #
#.....######....
#....rlr@..#
#.....####.# #.....#
#.# #.....# #.#
#.....# #.# #.....#
#.# ####### #.# ###
#.# #####.# #.#


You could see a leopard gecko, a quokka and a rat.

Vanquished Creatures
  An orc priest (D:3)
  An orc wizard (D:3)
  6 adders
  An ooze (D:2)
  2 worms (D:3)
  2 dart slugs (D:1)
  2 leopard geckos
  An orc (D:3)
  5 giant cockroaches
  15 goblins
  8 hobgoblins
  7 kobolds
  A ball python (D:2)
  5 bats
  2 frilled lizards
  2 rats
61 creatures vanquished.

Vanquished Creatures (collateral kills)
  An orc (D:3)
1 creature vanquished.

Grand Total: 62 creatures vanquished

Notes
Turn   | Place    | Note
-------+----------+-------------------------------------------
     0 | D:1      | H0rd4k the Human Artificer began the quest for the Orb.
     0 | D:1      | Reached XP level 1. HP: 15/15 MP: 1/1
   387 | D:1      | Reached XP level 2. HP: 16/21 MP: 2/2
  1097 | D:1      | Reached XP level 3. HP: 21/26 MP: 3/3
  1809 | D:2      | Noticed Robin
  2472 | D:2      | Reached XP level 4. HP: 33/33 MP: 4/4
  2889 | D:2      | Noticed Jessica
  3247 | D:3      | Reached skill level 1 in Short Blades
  3247 | D:3      | Reached XP level 5. HP: 19/38 MP: 5/5
  3275 | D:3      | Found a shimmering altar of Xom.
  3278 | D:3      | Noticed an angel
  3285 | D:3      | Found a glowing silver altar of Zin.
  3693 | D:3      | Found a glowing golden altar of the Shining One.
  3748 | D:3      | Found a stormy altar of Qazlal.
  3892 | D:3      | Noticed a water elemental
  4020 | D:3      | HP: 1/38 [poisoned by an adder]
  4021 | D:3      | Succumbed to an adder's poison

Illustrated notes

Levels and vault maps discovered:
D:1:      saegor_arrival_simple_a, layout_basic, chequers_arboretum
D:2:      layout_loops_corners, uniq_robin, uniq_jessica
D:3:      layout_basic, grunt_temple_overflow_order_and_chaos_1,
          nicolae_qazlal_style_of_elements, lemuel_crystal_altar,
          chequers_ecumenical_altar_island, amcnicky_mini_corridor_feature,
          grunt_ministairs_1, serial_park_tiny_2

Skill      XL: |  1  2  3  4 |
---------------+-------------+-----
Dodging        | 2 |  2.3
Fighting       | 2 |  2.3
Short Blades   | 1 |  1.8
Long Blades    | |  0.6
Armour         | |  2.8
Stealth        | |  1.6
Evocations     | |  3.7

Action                   |  1- 3 |  4- 6 || total
-------------------------+-------+-------++-------
Melee: Club              |    78 |       ||    78
       Dagger            |   132 |    85 ||   217
       Falchion          |       |    48 ||    48
Evoke: Wand              |     2 |    20 ||    22
  Use: Potion            |       |     1 ||     1
 Stab: Sleeping          |     1 |     2 ||     3
Armor: Leather armour    |    72 |    41 ||   113
Dodge: Dodged            |   126 |    93 ||   219
       Rpst.: Falchion   |       |    17 ||    17
